Workbook

Sheet Front Page
A1: Glenbuchat Hall Finances 2025
B3: Opening Bank Balances 1/1/2025
C5: Restricted Account (1) | D5: 2392.58
C6: Main current account | D6: 5918.34
C7: Cash Float | D7: 325.97
C8: Virgin Restricted | D8: 100
C9: Total | D9: =SUM(D5:D8) -> 8736.89
B10: Income | F10: Expenditure
C11: Glenbuchat Live Music | D11: =Income!E3 -> 960 | F11: =Expenditure!E1 -> Web Hosting | G11: =Expenditure!E3 -> -71.99
C12: Art in the buchat | D12: =Income!F3 -> 1579 | F12: =Expenditure!G1 -> Expenses Refunds | G12: =Expenditure!G3 -> -2302.91
C13: Line Dancing | D13: =Income!H3 -> 156 | F13: =Expenditure!H1 -> Capital Expenditure | G13: =Expenditure!H3 -> -7934.34
C14: Crochet Group | D14: =Income!I3 -> 816 | F14: =Expenditure!I1 -> Maintenance / running costs | G14: =Expenditure!I3 -> -2412.52
C15: Manure | D15: =Income!J3 -> 270 | F15: Bank Transfer | G15: =Expenditure!J3 -> -50
C16: Pop Up Café | D16: =Income!K3 -> 1503 | F16: =Expenditure!K1 -> British Gas (electric bill) | G16: =Expenditure!K3 -> -1680.72
C17: Pop up café (profit in p/c) | D17: 56.69
C18: Bible Study Group | D18: =Income!L3 -> 1594.8 | F18: =Expenditure!F1 -> Ninja Account | G18: =Expenditure!F3 -> -93.75
C19: Grants | D19: =Income!M3 -> 6997.85
C20: Don Chorus | D20: =Income!G3 -> 175.25
C21: Other Hall Hire | D21: =Income!N3 -> 385
A22: udct | B22: donation | C22: Bank Transfer (from Virgin?) | D22: =Income!O3 -> 500
C23: Other income | D23: =Income!P3 -> 450
C24: Restricted Bank account interest | D24: 33.29
C26: Total | D26: =SUM(D11:D25) -> 15476.88 | G26: =SUM(G11:G23) -> -14546.23 | I26: =D26+G26 -> 930.65
B28: Closing Bank Balances
C29: Restricted Account | D29: 2375.87 | F29: Checksum 1 | G29: =SUM(D9+D26+G26) -> 9667.54
C30: Main Account | D30: 6809.01
C31: Virgin Restricted | D31: 100
C32: Cash Float | D32: 382.66
C33: Total | D33: =SUM(D29:D32) -> 9667.54
B35: 1 | C35: Includes erroneous £50 from Fired Up Pizzas - J Wilson from 2024
C38: Profit | D38: =D33-D9 -> 930.65

Sheet Income
A1: Description | E1: Glenbuchat Live Music | F1: Art in the buchat | G1: Don Chorus | H1: Line Dancing | I1: Crochet Group | J1: Manure (donations) | K1: Pop Up Café | L1: Bible Study Group | M1: Grants | N1: Other Hall Hire | O1: Bank Transfer | P1: Other | Q1: Total | R1: Checksum
A3: Totals | E3: =SUM(E5:E58) -> 960 | F3: =SUM(F5:F58) -> 1579 | G3: =SUM(G5:G58) -> 175.25 | H3: =SUM(H5:H58) -> 156 | I3: =SUM(I5:I58) -> 816 | J3: =SUM(J5:J58) -> 270 | K3: =SUM(K5:K58) -> 1503 | L3: =SUM(L5:L58) -> 1594.8 | ... Q3: =SUM(Q5:Q58) -> 15386.9 | R3: =SUM(E3:P3) -> 15386.9
A4: Transaction date | B4: Bank reference | C4: Type of payment | D4: Customer reference
A5: 46021 | B5: LINE DANCE OCT-NOV | C5: Faster Payment | D5: MARSHALL R & A | H5: 84 | Q5: 84
A6: 46021 | B6: LINE DANCE DEC | C6: Faster Payment | D6: MARSHALL R & A | H6: 72 | Q6: 72
A7: 46007 | B7: Crochet 28-25 | C7: Faster Payment | D7: WILLIAMS&FITTON | I7: 234 | Q7: 234
A8: 46000 | B8: INV-30-25 | C8: Faster Payment | D8: King samuel | L8: 840 | Q8: 840
A9: 45999 | B9: 225 | C9: Own Account Credit | D9: ART IN THE BUCHAT | F9: 1080 | Q9: 1080
A10: 45999 | B10: 4.599801e+15 | C10: Own Account Credit | D10: 000000 CREDIT | K10: 500 | Q10: 500
A11: 45999 | B11: 0125 6024 | C11: Own Account Credit | D11: ART IN THE BUCHAT | F11: 499 | Q11: 499
A12: 45995 | B12: Kris Drever gig | C12: Faster Payment | D12: Glenbuchat Live Mu | E12: 120 | Q12: 120
A13: 45985 | B13: CARD 4988243067055859 | C13: National Giro Credit | D13: 5859 PO 11:56NOV22 | K13: 50 | Q13: 50
A14: 45980 | B14: Resilience money | C14: Faster Payment | D14: DONSIDE COMMUNITY | M14: 146.94 | Q14: 146.94
A15: 45973 | B15: Manure | C15: Faster Payment | D15: Bruce Edelsten | J15: 60 | Q15: 60
A16: 45964 | B16: Chairse | C16: Faster Payment | D16: Steve Cameron | P16: 12 | Q16: 12
A17: 45960 | B17: Chairs | C17: Faster Payment | D17: Steve Cameron | P17: 5 | Q17: 5
A18: 45954 | B18: CNPA | C18: BACS Credit | D18: CAIRNGORMS NATIONA | M18: 2850.13 | Q18: 2850.13
A19: 45943 | B19: CARD 4988243067055859 | C19: National Giro Credit | D19: 5859 PO 15:11OCT13 | K19: 280 | Q19: 280
A20: 45943 | B20: CARD 4988243067055859 | C20: National Giro Credit | D20: 5859 PO 15:17OCT13 | K20: 245 | Q20: 245
A21: 45943 | B21: CARD 4988243067055859 | C21: National Giro Credit | D21: 5859 PO 15:21OCT13 | K21: 15 | Q21: 15
A22: 45943 | B22: CARD 4988243067055859 | C22: National Giro Credit | D22: 5859 PO 15:18OCT13 | K22: 15 | Q22: 15
A23: 45943 | B23: CARD 4988243067055859 | C23: National Giro Credit | D23: 5859 PO 15:10OCT13 | K23: 10 | Q23: 10
A24: 45938 | B24: Cahalen Morrison | C24: Faster Payment | D24: Glenbuchat Live Mu | E24: 120 | Q24: 120
A25: 45938 | B25: Graham's manure | C25: Faster Payment | D25: Penelope WELLS | J25: 100 | Q25: 100
A26: 45922 | B26: MANURE JACK | C26: Faster Payment | D26: GILLESPIE JOHN | J26: 5 | Q26: 5
A27: 45919 | B27: CNPA | C27: BACS Credit | D27: CAIRNGORMS NATIONA | M27: 2850.13 | Q27: 2850.13
A28: 45919 | B28: CARD 4988243067055859 | C28: National Giro Credit | D28: 5859 PO 12:49SEP19 | K28: 388 | Q28: 388
A29: 45918 | B29: Lonach Sunday hire | C29: Faster Payment | D29: LOWRY R M ESQ A-T | N29: 100 | Q29: 100
A30: 45917 | B30: Crochet 22&27 | C30: Faster Payment | D30: WILLIAMS&FITTON | I30: 144 | Q30: 144
A31: 45916 | B31: Jenn Butterworth | C31: Faster Payment | D31: Glenbuchat Live Mu | E31: 120 | Q31: 120
A32: 45896 | B32: Cafe Match Funding | C32: Faster Payment | D32: Glenbuchat Live Mu | M32: 395.85 | Q32: 395.85
A33: 45889 | B33: MANURE | C33: Faster Payment | D33: Beatrice Cavadino | I33: 60 | Q33: 60
A34: 45852 | B34: Crochet 18-25 | C34: Faster Payment | D34: WILLIAMS&FITTON | I34: 54 | Q34: 54
A35: 45847 | B35: Crochet 12-25 | C35: Faster Payment | D35: WILLIAMS&FITTON | I35: 162 | Q35: 162
A36: 45838 | B36: MCGILLIVRAY TEAS | C36: Faster Payment | D36: DUNCAN JOHN PARK-B | N36: 165 | Q36: 165
A37: 45831 | B37: Good Guy Hank 16 | C37: Faster Payment | D37: Glenbuchat Live Mu | E37: 120 | Q37: 120
A38: 45831 | B38: Ross Couper 15 | C38: Faster Payment | D38: Glenbuchat Live Mu | E38: 120 | Q38: 120
A39: 45824 | B39: MANURE Jack | C39: Faster Payment | D39: GILLESPIE JOHN | J39: 5 | Q39: 5
A40: 45810 | B40: Manure | C40: Faster Payment | D40: Sheena Rowbottom | J40: 10 | Q40: 10
A41: 45789 | B41: Manure | C41: Faster Payment | D41: GILLESPIE JOHN | J41: 10 | Q41: 10
A42: 45783 | B42: MANURE | C42: Faster Payment | D42: Craigievar Gardene | J42: 20 | Q42: 20
A43: 45769 | B43: MANURE | C43: Faster Payment | D43: STEPHENS GM | J43: 30 | Q43: 30
A44: 45764 | B44: REFUND SP | C44: Faster Payment | D44: THE SPOTTED PENGUI | M44: 754.8 | Q44: 754.8
A45: 45757 | B45: Crochet 10-25 | C45: Faster Payment | D45: WILLIAMS&FITTON | I45: 54 | Q45: 54
A46: 45754 | B46: Tenement Jazz Band | C46: Faster Payment | D46: Glenbuchat Live Mu | E46: 120 | Q46: 120
A47: 45742 | B47: UCDT RETURNED | C47: Faster Payment | D47: King Samuel | L47: 754.8 | Q47: 754.8
A48: 45726 | B48: Crochet 7-25 | C48: Faster Payment | D48: WILLIAMS&FITTON | I48: 54 | Q48: 54
A49: 45723 | B49: Hall Hire MS - PA | C49: Faster Payment | D49: Glenbuchat Live Mu | E49: 240 | Q49: 240
A50: 45700 | B50: INV NO 05-25 | C50: Faster Payment | D50: FULGENT TECHNOLOGI | P50: 159 | Q50: 159
A51: 45698 | B51: Hall hire | C51: Faster Payment | D51: Steve Cameron | N51: 120 | Q51: 120
A52: 45698 | B52: Crochet 2-25 | C52: Faster Payment | D52: WILLIAMS&FITTON | I52: 54 | Q52: 54
A53: 45694 | B53: Katherine Rider | C53: Faster Payment | D53: RIDER K & J | J53: 30 | Q53: 30
A54: 45692 | B54: PJ HOGMANY | C54: Transfer In | D54: GLENBUCHAT HALL SC | P54: 194 | Q54: 194
A55: 45692 | B55: FUPizza J Wilson | C55: Transfer In | D55: GLENBUCHAT HALL SC | P55: 50 | Q55: 50
A56: 45691 | B56: DON CHORUS | C56: Faster Payment | D56: PATTERSON ANGELA-C | G56: 175.25 | Q56: 175.25
A57: 45691 | B57: Invoice 67-24 | C57: Faster Payment | D57: ANNE HUTCHISON | P57: 30 | Q57: 30
A58: 45679 | B58: 4.5678016e+15 | C58: Own Account Credit | D58: 000000 CREDIT | O58: 500 | Q58: 500
C60: Opening Balance | D60: 5918.34 | S60: Page 1 of | T60: 1

Sheet Expenditure
A1: Description | E1: Web Hosting | F1: Ninja Account | G1: Expenses Refunds | H1: Capital Expenditure | I1: Maintenance / running costs | J1: Bank transfer | K1: British Gas (electric bill)
A3: Totals | E3: =SUM(E5:E47) -> -71.99 | F3: =SUM(F5:F48) -> -93.75 | G3: =SUM(G5:G47) -> -2302.91 | H3: =SUM(H5:H47) -> -7934.34 | I3: =SUM(I5:I48) -> -2412.52 | J3: =SUM(J5:J48) -> -50 | K3: =SUM(K5:K47) -> -1680.72 | L3: =SUM(L5:L48) -> -14546.23 | M3: =SUM(E3:K3) -> -14546.23 | N3: =14496.23-14546.23 -> -50 | O3: =M3-L3 -> 0
A4: Transaction date | B4: Bank reference | C4: Type of payment | D4: Customer reference | L4: Amount (GBP)
A5: 46001 | B5: 1125051 | C5: Standing Order | D5: Enix Limited | E5: -42.01 | L5: -42.01
A6: 45989 | B6: BGL0237872-0507475 | C6: Direct Debit | D6: BRITISH GAS | K6: -179.26 | L6: -179.26
A7: 45985 | B7: GH refund | C7: Standing Order | D7: Steve Cameron | G7: -946.03 | L7: -946.03
A8: 45978 | B8: 1121146 | C8: Standing Order | D8: Enix Limited | E8: -29.98 | L8: -29.98
A9: 45978 | B9: GH refund | C9: Standing Order | D9: Steve Cameron | G9: -96 | L9: -96
A10: 45972 | B10: GBH01-25 | C10: Standing Order | D10: P Fuller | I10: -100 | L10: -100
A11: 45957 | C11: Purchase | D11: Ninja | F11: -9.27 | L11: -9.27
A12: 45957 | B12: BGL0237872-0507475 | C12: Direct Debit | D12: BRITISH GAS | K12: -153.79 | L12: -153.79
A13: 45950 | B13: Invoice noTCR16846 | C13: Standing Order | D13: the classroom.co | H13: -2571.84 | L13: -2571.84
A14: 46308 | I14: -15 | L14: -15
A15: 46308 | I15: -15 | L15: -15
A16: 45943 | B16: INV 3645 | C16: Standing Order | D16: James Pirie | I16: -80 | L16: -80
A17: 45931 | B17: GH refund | C17: Standing Order | D17: Cameron Electrical | G17: -274.08 | L17: -274.08
A18: 45931 | B18: GH refund | C18: Standing Order | D18: Steve Cameron | G18: -164.98 | L18: -164.98
A19: 45929 | B19: BGL0237872-0507475 | C19: Direct Debit | D19: BRITISH GAS | K19: -61.87 | L19: -61.87
A20: 45926 | C20: Purchase | D20: Ninja | F20: -9.25 | L20: -9.25
A21: 45922 | B21: Love Table Cloth | C21: Purchase | H21: -173.7 | L21: -173.7
A22: 45915 | B22: Glenbuchat Hall | C22: Standing Order | D22: The Brew Group Ltd | H22: -4434 | L22: -4434
A23: 45915 | B23: Glenbuchat Hall | C23: Standing Order | D23: Paul Johnson | G23: -67.02 | L23: -67.02
A24: 45902 | B24: 21445074766575 | C24: Standing Order | D24: Aberdeenshire Coun | I24: -293 | L24: -293
A25: 45902 | B25: INV 35538 | C25: Standing Order | D25: Mackenzie Fire Pro | I25: -117 | L25: -117
A26: 45902 | B26: PAT TESTING 2025 | C26: Standing Order | D26: James Prince | I26: -90 | L26: -90
A27: 45896 | B27: BGL0237872-0507475 | C27: Direct Debit | D27: BRITISH GAS | K27: -159.67 | L27: -159.67
A28: 45895 | C28: Purchase | D28: Ninja | F28: -9.17 | L28: -9.17
A29: 45866 | B29: BGL0237872-0507475 | C29: Direct Debit | D29: BRITISH GAS | K29: -169.22 | L29: -169.22
A30: 45866 | C30: Purchase | D30: Ninja | F30: -9.19 | L30: -9.19
A31: 45835 | B31: BGL0237872-0507475 | C31: Direct Debit | D31: BRITISH GAS | K31: -175.72 | L31: -175.72
A32: 45834 | C32: Purchase | D32: Ninja | F32: -9.07 | L32: -9.07
A33: 45804 | B33: BGL0237872-0507475 | C33: Direct Debit | D33: BRITISH GAS | K33: -179.49 | L33: -179.49
A34: 45804 | C34: Purchase | D34: Ninja | F34: -9.2 | L34: -9.2
A35: 45775 | C35: Purchase | D35: Ninja | F35: -9.28 | L35: -9.28
A36: 45775 | B36: BGL0237872-0507475 | C36: Direct Debit | D36: BRITISH GAS | K36: -192.97 | L36: -192.97
A37: 45747 | B37: Card Purchase | D37: ADVANCEDMOU | I37: -687.94 | L37: -687.94
A38: 45744 | B38: BGL0237872-0507475 | C38: Direct Debit | D38: BRITISH GAS | K38: -149.9 | L38: -149.9
A39: 45742 | C39: Purchase | D39: Ninja | F39: -9.55 | L39: -9.55
A40: 45742 | B40: 21529 | C40: Standing Order | D40: The Spotted Pengu | H40: -754.8 | L40: -754.8
A41: 45742 | B41: UDCT Chairs X16 | C41: Standing Order | D41: King Samuel | G41: -754.8 | L41: -754.8
A42: 45733 | B42: 2423525 | C42: Standing Order | D42: PPL PRS LIMITED | I42: -81 | L42: -81
A43: 45729 | B43: BS69884 | C43: Standing Order | D43: ALLIED WESTMINSTER | I43: -933.58 | L43: -933.58
A44: 45714 | C44: Purchase | D44: Ninja | F44: -9.78 | L44: -9.78
A45: 45716 | B45: BGL0237872-0507475 | C45: Direct Debit | D45: BRITISH GAS | K45: -136.6 | L45: -136.6
A46: 45692 | C46: bank transfer | J46: -50 | L46: -50
A47: 45685 | B47: BGL0237872-0507475 | C47: Direct Debit | D47: BRITISH GAS | K47: -122.23 | L47: -122.23
A48: 45684 | C48: Purchase | D48: Ninja | F48: -9.99 | L48: -9.99
M49: Page 1 of | N49: 1

Sheet Sheet1
B2: Co op | I2: Co op
B4: opening restricted | D4: 45658 | F4: 2392.58 | I4: opening co-op | K4: 45658 | M4: 5918.34
B6: transfer out | F6: 50 | I6: payments in | M6: =Income!R3 -> 15386.9
B7: interest in | F7: =17.76+15.53 -> 33.29 | I7: payments out | M7: =Expenditure!M3 -> -14546.23
B10: closing restricted | F10: =F4-F6+F7 -> 2375.87 | I10: closing coop | K10: closing | M10: =M4+M6+M7 -> 6759.01
I12: Actual | M12: 6809.01
K14: diff | M14: =M12-M10 -> 50
B21: QUOTED PETTY CASH | D21: 45658 | F21: 325.97
B23: CLOSING | F23: ='Front Page'!D32 -> 382.66
B26: DIFF | F26: =F23-F21 -> 56.69 | H26: profit in café

Sheet Cash book
A1: C
H3: in | J3: out
C5: 45658 | L5: 5918.34
C6: 45679 | F6: 000000 CREDIT | H6: 500 | L6: =L5+H6+J6 -> 6418.34
C7: 45684 | F7: Ninja | J7: -9.99 | L7: =L6+H7+J7 -> 6408.35
C8: 45685 | F8: BRITISH GAS | J8: -122.23 | L8: =L7+H8+J8 -> 6286.12
C9: 45691 | F9: PATTERSON ANGELA-C | H9: 175.25 | L9: =L8+H9+J9 -> 6461.37
C10: 45691 | F10: ANNE HUTCHISON | H10: 30 | L10: =L9+H10+J10 -> 6491.37
C11: 45692 | F11: GLENBUCHAT HALL SC | H11: 194 | L11: =L10+H11+J11 -> 6685.37
C12: 45692 | F12: GLENBUCHAT HALL SC | H12: 50 | L12: =L11+H12+J12 -> 6735.37
C13: 45694 | F13: RIDER K & J | H13: 30 | L13: =L12+H13+J13 -> 6765.37
C14: 45698 | F14: Steve Cameron | H14: 120 | L14: =L13+H14+J14 -> 6885.37
C15: 45698 | F15: WILLIAMS&FITTON | H15: 54 | L15: =L14+H15+J15 -> 6939.37
C16: 45700 | F16: FULGENT TECHNOLOGI | H16: 159 | L16: =L15+H16+J16 -> 7098.37
C17: 45714 | F17: Ninja | J17: -9.78 | L17: =L16+H17+J17 -> 7088.59
C18: 45716 | F18: BRITISH GAS | J18: -136.6 | L18: =L17+H18+J18 -> 6951.99
C19: 45723 | F19: Glenbuchat Live Mu | H19: 240 | L19: =L18+H19+J19 -> 7191.99
C20: 45726 | F20: WILLIAMS&FITTON | H20: 54 | L20: =L19+H20+J20 -> 7245.99
C21: 45729 | F21: ALLIED WESTMINSTER | J21: -933.58 | L21: =L20+H21+J21 -> 6312.41
C22: 45733 | F22: PPL PRS LIMITED | J22: -81 | L22: =L21+H22+J22 -> 6231.41
C23: 45742 | F23: Ninja | J23: -9.55 | L23: =L22+H23+J23 -> 6221.86
C24: 45742 | F24: The Spotted Pengu | J24: -754.8 | L24: =L23+H24+J24 -> 5467.06
C25: 45742 | F25: King Samuel | J25: -754.8 | L25: =L24+H25+J25 -> 4712.26
C26: 45742 | F26: King Samuel | H26: 754.8 | L26: =L25+H26+J26 -> 5467.06
C27: 45744 | F27: BRITISH GAS | J27: -149.9 | L27: =L26+H27+J27 -> 5317.16
C28: 45747 | F28: ADVANCEDMOU | J28: -687.94 | L28: =L27+H28+J28 -> 4629.22
C29: 45754 | F29: Glenbuchat Live Mu | H29: 120 | L29: =L28+H29+J29 -> 4749.22
C30: 45757 | F30: WILLIAMS&FITTON | H30: 54 | L30: =L29+H30+J30 -> 4803.22
C31: 45764 | F31: THE SPOTTED PENGUI | H31: 754.8 | L31: =L30+H31+J31 -> 5558.02
C32: 45769 | F32: STEPHENS GM | H32: 30 | L32: =L31+H32+J32 -> 5588.02
C33: 45775 | F33: Ninja | J33: -9.28 | L33: =L32+H33+J33 -> 5578.74
C34: 45775 | F34: BRITISH GAS | J34: -192.97 | L34: =L33+H34+J34 -> 5385.77
C35: 45783 | F35: Craigievar Gardene | H35: 20 | L35: =L34+H35+J35 -> 5405.77
C36: 45789 | F36: GILLESPIE JOHN | H36: 10 | L36: =L35+H36+J36 -> 5415.77
C37: 45804 | F37: BRITISH GAS | J37: -179.49 | L37: =L36+H37+J37 -> 5236.28
C38: 45804 | F38: Ninja | J38: -9.2 | L38: =L37+H38+J38 -> 5227.08
C39: 45810 | F39: Sheena Rowbottom | H39: 10 | L39: =L38+H39+J39 -> 5237.08
C40: 45824 | F40: GILLESPIE JOHN | H40: 5 | L40: =L39+H40+J40 -> 5242.08
C41: 45831 | F41: Glenbuchat Live Mu | H41: 120 | L41: =L40+H41+J41 -> 5362.08
C42: 45831 | F42: Glenbuchat Live Mu | H42: 120 | L42: =L41+H42+J42 -> 5482.08
C43: 45834 | F43: Ninja | J43: -9.07 | L43: =L42+H43+J43 -> 5473.01
C44: 45835 | F44: BRITISH GAS | J44: -175.72 | L44: =L43+H44+J44 -> 5297.29
C45: 45838 | F45: DUNCAN JOHN PARK-B | H45: 165 | L45: =L44+H45+J45 -> 5462.29
C46: 45847 | F46: WILLIAMS&FITTON | H46: 162 | L46: =L45+H46+J46 -> 5624.29
C47: 45852 | F47: WILLIAMS&FITTON | H47: 54 | L47: =L46+H47+J47 -> 5678.29
C48: 45866 | F48: BRITISH GAS | J48: -169.22 | L48: =L47+H48+J48 -> 5509.07
C49: 45866 | F49: Ninja | J49: -9.19 | L49: =L48+H49+J49 -> 5499.88
C50: 45889 | F50: Beatrice Cavadino | H50: 60 | L50: =L49+H50+J50 -> 5559.88
C51: 45895 | F51: Ninja | J51: -9.17 | L51: =L50+H51+J51 -> 5550.71
C52: 45896 | F52: BRITISH GAS | J52: -159.67 | L52: =L51+H52+J52 -> 5391.04
C53: 45896 | F53: Glenbuchat Live Mu | H53: 395.85 | L53: =L52+H53+J53 -> 5786.89
C54: 45902 | F54: Aberdeenshire Coun | J54: -293 | L54: =L53+H54+J54 -> 5493.89
C55: 45902 | F55: Mackenzie Fire Pro | J55: -117 | L55: =L54+H55+J55 -> 5376.89
C56: 45902 | F56: James Prince | J56: -90 | L56: =L55+H56+J56 -> 5286.89
C57: 45915 | F57: The Brew Group Ltd | J57: -4434 | L57: =L56+H57+J57 -> 852.89
C58: 45915 | F58: Paul Johnson | J58: -67.02 | L58: =L57+H58+J58 -> 785.87
C59: 45916 | F59: Glenbuchat Live Mu | H59: 120 | L59: =L58+H59+J59 -> 905.87
C60: 45917 | F60: WILLIAMS&FITTON | H60: 144 | L60: =L59+H60+J60 -> 1049.87
C61: 45918 | F61: LOWRY R M ESQ A-T | H61: 100 | L61: =L60+H61+J61 -> 1149.87
C62: 45919 | F62: CAIRNGORMS NATIONA | H62: 2850.13 | L62: =L61+H62+J62 -> 4000
C63: 45919 | F63: 5859 PO 12:49SEP19 | H63: 388 | L63: =L62+H63+J63 -> 4388
C64: 45922 | J64: -173.7 | L64: =L63+H64+J64 -> 4214.3
C65: 45922 | F65: GILLESPIE JOHN | H65: 5 | L65: =L64+H65+J65 -> 4219.3
C66: 45926 | F66: Ninja | J66: -9.25 | L66: =L65+H66+J66 -> 4210.05
C67: 45929 | F67: BRITISH GAS | J67: -61.87 | L67: =L66+H67+J67 -> 4148.18
C68: 45931 | F68: Cameron Electrical | J68: -274.08 | L68: =L67+H68+J68 -> 3874.1
C69: 45931 | F69: Steve Cameron | J69: -164.98 | L69: =L68+H69+J69 -> 3709.12
C70: 45938 | F70: Glenbuchat Live Mu | H70: 120 | L70: =L69+H70+J70 -> 3829.12
C71: 45938 | F71: Penelope WELLS | H71: 100 | L71: =L70+H71+J71 -> 3929.12
C72: 45943 | F72: James Pirie | J72: -80 | L72: =L71+H72+J72 -> 3849.12
C73: 45943 | F73: 5859 PO 15:11OCT13 | H73: 280 | L73: =L72+H73+J73 -> 4129.12
J74: -15 | L74: =L73+H74+J74 -> 4114.12
J75: -15 | L75: =L74+H75+J75 -> 4099.12
C76: 45943 | F76: 5859 PO 15:17OCT13 | H76: 245 | L76: =L75+H76+J76 -> 4344.12
C77: 45943 | F77: 5859 PO 15:21OCT13 | H77: 15 | L77: =L76+H77+J77 -> 4359.12
C78: 45943 | F78: 5859 PO 15:18OCT13 | H78: 15 | L78: =L77+H78+J78 -> 4374.12
C79: 45943 | F79: 5859 PO 15:10OCT13 | H79: 10 | L79: =L78+H79+J79 -> 4384.12
C80: 45950 | F80: the classroom.co | J80: -2571.84 | L80: =L79+H80+J80 -> 1812.28
C81: 45954 | F81: CAIRNGORMS NATIONA | H81: 2850.13 | L81: =L80+H81+J81 -> 4662.41
C82: 45957 | F82: Ninja | J82: -9.27 | L82: =L81+H82+J82 -> 4653.14
C83: 45957 | F83: BRITISH GAS | J83: -153.79 | L83: =L82+H83+J83 -> 4499.35
C84: 45960 | F84: Steve Cameron | H84: 5 | L84: =L83+H84+J84 -> 4504.35
C85: 45964 | F85: Steve Cameron | H85: 12 | L85: =L84+H85+J85 -> 4516.35
C86: 45972 | F86: P Fuller | J86: -100 | L86: =L85+H86+J86 -> 4416.35
C87: 45973 | F87: Bruce Edelsten | H87: 60 | L87: =L86+H87+J87 -> 4476.35
C88: 45978 | F88: Enix Limited | J88: -29.98 | L88: =L87+H88+J88 -> 4446.37
C89: 45978 | F89: Steve Cameron | J89: -96 | L89: =L88+H89+J89 -> 4350.37
C90: 45980 | F90: DONSIDE COMMUNITY | H90: 146.94 | L90: =L89+H90+J90 -> 4497.31
C91: 45985 | F91: Steve Cameron | J91: -946.03 | L91: =L90+H91+J91 -> 3551.28
C92: 45985 | F92: 5859 PO 11:56NOV22 | H92: 50 | L92: =L91+H92+J92 -> 3601.28 | M92: 3601.28 | N92: =L92-M92 -> 0
C93: 45989 | F93: BRITISH GAS | J93: -179.26 | L93: =L92+H93+J93 -> 3422.02
C94: 45995 | F94: Glenbuchat Live Mu | H94: 120 | L94: =L93+H94+J94 -> 3542.02
C95: 45999 | F95: ART IN THE BUCHAT | H95: 1080 | L95: =L94+H95+J95 -> 4622.02
C96: 45999 | F96: 000000 CREDIT | H96: 500 | L96: =L95+H96+J96 -> 5122.02
C97: 45999 | F97: ART IN THE BUCHAT | H97: 499 | L97: =L96+H97+J97 -> 5621.02
C98: 46000 | F98: King samuel | H98: 840 | L98: =L97+H98+J98 -> 6461.02
C99: 46001 | F99: Enix Limited | J99: -42.01 | L99: =L98+H99+J99 -> 6419.01
C100: 46007 | F100: WILLIAMS&FITTON | H100: 234 | L100: =L99+H100+J100 -> 6653.01
C101: 46021 | F101: MARSHALL R & A | H101: 84 | L101: =L100+H101+J101 -> 6737.01
C102: 46021 | F102: MARSHALL R & A | H102: 72 | L102: =L101+H102+J102 -> 6809.01 | N102: 6809.01
...

Sheet Petty Cash
F4: DR | H4: CR
B6: 45658 | D6: Opening balance 01/01/2025 | F6: 325.97 | J6: 325.97
B8: 03/08/20258 | D8: Pop up café expenses | H8: 20 | J8: =J6+F8-H8 -> 305.97
B9: 45864 | D9: Whisky gifts committee | H9: 79 | J9: =J8+F9-H9 -> 226.97
B10: over yr | D10: pop up café | F10: =388+472+283.7+800 -> 1943.7 | H10: 1503 | J10: =J9+F10-H10 -> 667.67
B11: 45907 | D11: Pop up café expenses | H11: =7.2+31.89 -> 39.09 | J11: =J10+F11-H11 -> 628.58
B12: 45942 | D12: Pop up café expenses | H12: 38 | J12: =J11+F12-H12 -> 590.58
B13: 46003 | D13: Pop up café expenses | H13: =21.4+40.58+28.06 -> 90.04 | J13: =J12+F13-H13 -> 500.54
B14: 45872 | D14: Pop up café expenses | H14: 38 | J14: =J13+F14-H14 -> 462.54
B15: over yr | D15: missing receipt | H15: 79.88 | J15: =J14+F15-H15 -> 382.66
J16: =J15+F16-H16 -> 382.66
J17: =J16+F17-H17 -> 382.66
J18: =J17+F18-H18 -> 382.66
J19: =J18+F19-H19 -> 382.66
J20: =J19+F20-H20 -> 382.66
J21: =J20+F21-H21 -> 382.66
J22: =J21+F22-H22 -> 382.66
L23: =J22-J24 -> 0
D24: Closing Balance | F24: =SUM(F10:F23) -> 1943.7 | H24: =SUM(H10:H23) -> 1788.01 | J24: 382.66
H27: =F24-H24 -> 155.69
F29: =F6+F10-H24 -> 481.66 | H29: =F29-H27 -> 325.97 | K29: =J24-F6 -> 56.69 | L29: Profit on café
